 Dungeon Crawl Stone Soup version 0.30-a0-359-gd0147acb1a (webtiles) character file.

Game seed: 4425071389844762965

54 ragingrage the Ruffian (level 3, -19/27 HPs)
             Began as a Demigod Transmuter on Nov 12, 2022.
             Demolished by an ogre
             ... wielding a +0 giant club
              (31 damage)
             ... on level 4 of the Dungeon.
             The game lasted 00:01:35 (2036 turns).

ragingrage the Ruffian (Demigod Transmuter)         Turns: 2036, Time: 00:01:35

Health: -19/27     AC:  2    Str: 15    XL:     3   Next: 44%
Magic:  7/8        EV: 12    Int: 15    God:
Gold:   148        SH:  0    Dex: 14    Spells: 2/5 levels left

rFire   . . .      SeeInvis .      - Unarmed
rCold   . . .      Faith    .    (no shield)
rNeg    . . .      Spirit   .    a - +0 robe
rPois   .          Reflect  .    (helmet currently unavailable)
rElec   .          Harm     .    (no cloak)
rCorr   .          Rampage  .    (no gloves)
Will    .....                    (boots currently unavailable)
Stlth   +.........               (no amulet)
HPRegen 0.24/turn                (no ring)
MPRegen 0.11/turn                (no ring)

@: appendages (expiring)
A: horns 2, talons 2, high MP 1, forlorn, divine attributes
a: End Transformation


You were on level 4 of the Dungeon.
You had temporarily grown beastly horns and talons.
You visited 2 branches of the dungeon, and saw 5 of its levels.

You collected 148 gold pieces.

Inventory:

Missiles
 h - 10 poisoned darts
Armour
 a - a +0 robe (worn)
Scrolls
 e - 2 scrolls of identify {unknown}
 f - a scroll of fear {unknown}
 g - a scroll of teleportation {unknown}
 i - a scroll of blinking {unknown}
 j - 2 scrolls of magic mapping {unknown}
 l - a scroll of poison {unknown}
 n - a scroll of torment {unknown}
Potions
 b - 2 potions of lignification
 c - 3 potions of heal wounds {unknown}
 d - a potion of brilliance {unknown}
 k - a potion of attraction {unknown}
 m - a potion of mutation {unknown}


   Skills:
 - Level 0.8 Fighting
 - Level 1.7 Dodging
 + Level 3.5 Unarmed Combat
 - Level 1.7 Spellcasting
 + Level 2.9 Transmutations


You had 2 spell levels left.
You knew the following spells:

 Your Spells              Type           Power      Damage    Failure   Level
a - Beastly Appendage     Tmut           20%        N/A       7%          1
b - Wereblood             Tmut           10%        N/A       11%         2

Your spell library contained the following spells:

 Spells                   Type           Power      Damage    Failure   Level
 Spider Form              Tmut/Pois      5%         N/A       36%         3
 Ice Form                 Ice/Tmut       5%         N/A       77%         4


Dungeon Overview and Level Annotations

Branches:
Dungeon (4/15)             Temple (1/1) D:4

Annotations:
D:3 exclusion: water moccasin
Temple 2 transporters


Innate Abilities, Weirdness & Mutations

You have temporarily grown beastly horns and talons.
You have an increased reservoir of magic. (+10% MP)
You shall have no god before yourself.
Your divine heritage dramatically boosts your attributes as you level up.


Message History

As you open the door, it creaks loudly!
(D) Dungeon (T) Temple
Where to? (Enter - D:3, ? - help)
There is an open door here.
You open the door.
There is an open door here.
There is a staircase to the Ecumenical Temple here.
You climb downwards.
Welcome to the Ecumenical Temple!
Found eight altars.
Found two transporters.
There is a staircase back to the Dungeon here.
You climb upwards.
Welcome back to the Dungeon!
There is a staircase to the Ecumenical Temple here.
There is an open door here.
You open the door.
An ogre comes into view. It is wielding a +0 giant club.
An ogre is nearby!
An ogre is nearby!
Okay, then.
Casting: Wereblood (safe; 11% risk of failure)
Confirm with . or Enter, or press ? or * to list all spells.
You grow a pair of large bovine horns.
Your feet morph into talons.
The ogre closely misses you.
You hit the ogre. You claw the ogre.
The ogre is moderately wounded.
You hit the ogre. Your kick misses the ogre.
The ogre is heavily wounded.
The ogre misses you.
You hit the ogre but do no damage.
The ogre is heavily wounded.
The ogre hits you with a +0 giant club!
Ouch! That really hurt!
You hit the ogre. You claw the ogre.
You headbutt the ogre, but do no damage.
The ogre is heavily wounded.
Your transformation is almost over.
You barely miss the ogre.
The ogre is heavily wounded.
The ogre hits you with a +0 giant club!!
Ouch! That really hurt!
You die...

#.#..........#
#............#
###..........#
##..........#
#...........#
###'###.......#
#.....#.......#
###.###.###....##
#.O@'>#.'.####.#####
#..#.###.#.....>.....
....
#.....############
#########'###....#
.........#.###.#
.......#.#.# #.#
########.#.# #.#
#.#.# #.# #.#.# #.#


You could see an ogre.

Vanquished Creatures
  2 adders (D:2)
  A worm (D:3)
  A dart slug (D:1)
  A bat (D:1)
  2 endoplasms
  A giant cockroach (D:3)
  5 goblins
  4 hobgoblins
  2 jackals (D:1)
  A ball python (D:1)
  3 frilled lizards
  3 kobolds (D:2)
  5 rats
31 creatures vanquished.

Notes
Turn   | Place    | Note
-------+----------+-------------------------------------------
     0 | D:1      | ragingrage the Demigod Transmuter began the quest for the
                  | Orb.
     0 | D:1      | Reached XP level 1. HP: 15/15 MP: 5/5
   203 | D:1      | Reached skill level 3 in Unarmed Combat
   221 | D:1      | Reached XP level 2. HP: 12/22 MP: 5/7
   584 | D:1      | Learned a level 2 spell: Wereblood
  1144 | D:2      | Reached XP level 3. HP: 22/27 MP: 5/8
  1743 | D:3      | Noticed a water moccasin
  1983 | D:4      | Found a staircase to the Ecumenical Temple.
  2025 | Temple   | Entered the Ecumenical Temple
  2025 | Temple   | Found a transporter.
  2025 | Temple   | Found a transporter.
  2030 | D:4      | Noticed an ogre
  2036 | D:4      | Demolished by an ogre

Illustrated notes

Levels and vault maps discovered:
D:1:      scummos_arrival_simple_fountains, layout_rooms
D:2:      layout_loops_corners, basic_altar
D:3:      layout_basic, gammafunk_ghost_smash, pf_guarded_unrand_delatra
D:4:      layout_basic, minmay_temple_entry_glassed_door, uniq_pikel
Temple:   hellmonk_temple_divided_pantheon

Skill      XL: |  1 |
---------------+----+-----
Transmutations | 2 |  2.9
Unarmed Combat | 3 |  3.5
Fighting       | |  0.8
Dodging        | |  1.7
Spellcasting   | |  1.7

Action                   || total
-------------------------++-------
Melee: Unarmed           ||   114
       Kick              ||    17
       Headbutt          ||     2
 Cast: Beastly Appendage ||    15
       Wereblood         ||     7
 Stab: Sleeping          ||     2
Armor: Robe              ||    11
Dodge: Dodged            ||    49

Table legend: (Time is in decaauts)
 A = Elapsed time spent in this place.
 B = Non-inter-level travel time spent in this place.
 C = Inter-level travel time spent in this place.
 D = Time resting spent in this place.
 E = Time spent auto-exploring this place.
 F = Levels seen in this place.
 G = Mean time per level.
                   A        B        C        D        E       F      G
               +--------+--------+--------+--------+--------+-----+--------+
         Total |   2028 |   1893 |    135 |    227 |   1336 |   5 |  405.6 |
       Dungeon |   2026 |   1892 |    134 |    227 |   1336 |   4 |  506.5 |
        Temple |      1 |      1 |      0 |      0 |      0 |   1 |    1.0 |
               +--------+--------+--------+--------+--------+-----+--------+

Top non-repeatable levels by time:
     D:2: 1045 daAuts
     D:1: 639 daAuts
     D:3: 252 daAuts
     D:4: 89 daAuts
  Temple: 1 daAuts
